 Dungeon Crawl Stone Soup version 0.29-a0-1030-gf5f8719cae (webtiles) character file.

Game seed: 129382413273497470

2940 RepoMan the Fighter (level 9, -4/153 HPs)
             Began as an Ogre Hunter on Aug 14, 2022.
             Slain by a scorpion (5 damage)
             ... on level 6 of the Dungeon.
             The game lasted 00:27:00 (7847 turns).

RepoMan the Fighter (Ogre Hunter)                   Turns: 7847, Time: 00:27:00

Health: -4/153     AC: 24    Str: 21    XL:     9   Next: 80%
Magic:  9/9        EV:  1    Int: 10    God:
Gold:   234        SH:  0    Dex: 12    Spells: 8/8 levels left

rFire   . . .      SeeInvis .   h - +6 dagger
rCold   . . .      Faith    .   (no shield)
rNeg    . . .      Spirit   .   (body armour currently unavailable)
rPois   +          Reflect  .   (helmet currently unavailable)
rElec   .          Harm     .   (cloak currently unavailable)
rCorr   .          Rampage  .   (gloves unavailable)
Will    .....      NoTele   +   (boots unavailable)
Stlth   +.........              (no amulet)
HPRegen 0.35/turn               k - ring of flight
MPRegen 0.11/turn               (no ring)

@: mighty, tree-form
A: stationary, stasis, torment immunity, boosted hp, large, unfitting armour,
(tough skin 1)
a: no special abilities


You were on level 6 of the Dungeon.
You were a tree.
You visited 1 branch of the dungeon, and saw 6 of its levels.
You also visited: Sewer.

You collected 234 gold pieces.

Inventory:

Hand Weapons
 g - a +0 spear
 h - a +6 dagger (weapon)
 q - a +0 hand axe
 u - a +1 whip of freezing
Missiles
 b - 25 stones
 m - 23 poisoned darts
 o - 3 boomerangs (quivered)
 t - 2 curare-tipped darts
Armour
 i - a +0 robe (melded)
 l - a scarf of repulsion
 s - a +0 cloak (melded)
Jewellery
 k - a ring of flight (left branch)
 r - a ring of fire
Wands
 n - a wand of acid (1)
Scrolls
 a - 8 scrolls of fog
 e - 12 scrolls of enchant weapon
Potions
 f - a potion of might
 p - a potion of mutation {unknown}


   Skills:
 + Level 10.4 Fighting
 * Level 7.5 Axes
 + Level 7.4 Throwing
 - Level 1.7 Dodging
 - Level 0.6 Stealth
 - Level 3.6 Unarmed Combat


You had 8 spell levels left.
You didn't know any spells.
Your spell library contained the following spells:

 Spells                   Type           Power      Damage    Failure   Level
 Slow                     Hex            0%         N/A       36%         1
 Confusing Touch          Hex            0%         N/A       75%         3
 Vampiric Draining        Necr           0%         2d6       75%         3


Dungeon Overview and Level Annotations

Branches:
Dungeon (6/15)              Sewer (visited)
 Temple: D:4-7

Altars:
Gozag
Yredelemnul


Innate Abilities, Weirdness & Mutations

You are a tree.
Your roots penetrate the ground, keeping you stationary.
You cannot be teleported.
You are immune to unholy pain and torment.
Your maximum health is greatly increased.
Your equipment is partially melded.
You are too large for most types of armour.
((You have tough skin. (AC +1)))


Message History

The ice beast hits you but does no damage.
The ufetubus hits you but does no damage. x2
Unknown command.
Unknown command.
You puncture the centaur!
You kill the centaur!
The sentinel's mark upon you fades away.
The ufetubus hits you but does no damage. x2
The scorpion stings you but does no damage.
The ice beast hits you but does no damage.
Unknown command.
You hit the ice beast.
The ice beast is lightly wounded.
The ufetubus hits you but does no damage. x2
The scorpion stings you but does no damage.
The ice beast hits you but does no damage.
The ufetubus hits you but does no damage.
The ufetubus hits you.
* * * LOW HITPOINT WARNING * * *
Okay, then.
Unknown command.
Unknown command.
Unknown command.
Okay, then.
Unknown command.
Press: ? - help, v - describe, . - travel
Here: an ice beast (lightly wounded)
The floor.
Unknown command.
Aiming: Corrosive Bolt
Press: ? - help, Shift-Dir - straight line, f - ice beast
Aim: an ice beast (lightly wounded, 71% to hit)
The bolt of acid hits the ice beast!
The acid corrodes the ice beast!
The ice beast is heavily wounded.
The scorpion stings you.
* * * LOW HITPOINT WARNING * * *
The ufetubus hits you but does no damage. x2
The ice beast hits you but does no damage.
The scorpion stings you.
You die...

################.......##.
...............#
#.##..........#
#>............#
##...........#
#......###### #......#
#...s..# #######..♣5..#
#.......))Y..#
#.........##.#
#.........##$.#
#.......).# ....
#.÷.......#.....#
#.÷.............#
#.÷.......#.....
###########.....


You could see an ice beast (corroded), a scorpion and an ufetubus.

Vanquished Creatures
  6 yaks (D:6)
  2 water moccasins (D:6)
  3 ice beasts
  A black bear (D:6)
  An ogre (D:6)
  3 centaurs (D:6)
  A phantom (D:5)
  4 kobold brigands (Sewer)
  2 scorpions
  2 water moccasin zombies (D:5)
  A howler monkey (D:6)
  A jelly (D:6)
  A hound (D:4)
  3 orc priests
  2 iguanas
  3 orc wizards
  3 hound zombies (D:5)
  12 adders
  A river rat (Sewer)
  A white imp (D:5)
  2 ufetubi
  3 worms
  A dart slug (D:1)
  16 orcs
  7 endoplasms
  3 giant cockroaches
  4 goblins
  4 hobgoblins
  4 ball pythons
  7 bats
  4 frilled lizards
  14 kobolds
  10 rats
132 creatures vanquished.

Vanquished Creatures (others)
  2 fungi (D:1)
  A plant (D:1)
3 creatures vanquished.

Grand Total: 135 creatures vanquished

Notes
Turn   | Place    | Note
-------+----------+-------------------------------------------
     0 | D:1      | RepoMan the Ogre Hunter began the quest for the Orb.
     0 | D:1      | Reached XP level 1. HP: 22/22 MP: 1/1
    93 | D:1      | Reached skill level 3 in Fighting
   132 | D:1      | You fall into a shaft and drop 1 floor!
   139 | D:2      | Found a basalt altar of Yredelemnul.
   446 | D:1      | Reached XP level 2. HP: 27/31 MP: 2/2
   809 | D:1      | Reached skill level 1 in Throwing
  1394 | D:1      | Found a faded altar of an unknown god.
  1663 | D:2      | Reached XP level 3. HP: 38/39 MP: 3/3
  1684 | D:2      | Reached skill level 4 in Fighting
  2354 | D:2      | Reached XP level 4. HP: 41/49 MP: 4/4
  2675 | D:3      | Found a glowing drain.
  2708 | D:3      | Reached skill level 5 in Fighting
  2810 | Sewer    | Entered a sewer
  3012 | Sewer    | Reached XP level 5. HP: 57/57 MP: 5/5
  3120 | Sewer    | Noticed a kobold brigand
  3121 | Sewer    | Noticed a kobold brigand
  3143 | Sewer    | Killed a kobold brigand
  3152 | Sewer    | Killed a kobold brigand
  3153 | Sewer    | Reached skill level 6 in Fighting
  3153 | Sewer    | Reached XP level 6. HP: 32/67 MP: 6/6
  3438 | Sewer    | Reached skill level 7 in Fighting
  4405 | D:4      | Reached XP level 7. HP: 78/78 MP: 7/7
  4752 | D:4      | Reached skill level 5 in Throwing
  5183 | D:4      | Reached skill level 1 in Axes
  5432 | D:5      | Entered Level 5 of the Dungeon
  5534 | D:5      | Reached skill level 8 in Fighting
  5855 | D:5      | Reached XP level 8. HP: 85/88 MP: 8/8
  6004 | D:5      | Found a basalt altar of Yredelemnul.
  6124 | D:5      | Found an opulent altar of Gozag.
  7207 | D:6      | Reached skill level 9 in Fighting
  7211 | D:6      | Reached skill level 5 in Axes
  7216 | D:6      | Noticed a yak
  7321 | D:6      | Reached XP level 9. HP: 43/98 MP: 9/9
  7569 | D:6      | Reached skill level 10 in Fighting
  7843 | D:6      | HP: 6/153 [ice beast (6)]
  7846 | D:6      | HP: 2/153 [ufetubus (3)]
  7847 | D:6      | Slain by a scorpion

Illustrated notes

Levels and vault maps discovered:
D:1:      mushboom_english_gardens, layout_basic, serial_glass, glass_columns_b,
          glass_columns_a, shapermc_ecumenical_altar_hornbeckon,
          serial_park_tiny_1
D:2:      cheibrodos_old_hovel, layout_basic, basic_altar, minmay_tall_x
D:3:      layout_loops_corners, gup_sewer_entry_glass
D:4:      layout_loops_ring
D:5:      layout_rooms, grunt_gozag_statues, nicolae_yredelemnul_corpse_copse,
          serial_bayou_pond_c, kennysheep_decorative_pillar
D:6:      layout_basic, chequers_serial_rivers_large_b

Skill      XL: |  1  2  3  4  5  6  7  8  9 |
---------------+----------------------------+-----
Fighting       | 3 4 5 6 7 8 9 10 | 10.4
Throwing       | 1 2 3 4 5 6 7 |  7.4
Axes           | 2 5 7 |  7.5
Dodging        | |  1.7
Stealth        | |  0.6
Unarmed Combat | |  3.6

Action                   |  1- 3 |  4- 6 |  7- 9 || total
-------------------------+-------+-------+-------++-------
Melee: Unarmed           |    31 |       |       ||    31
       Punch             |     1 |     2 |     7 ||    10
       Dagger            |    49 |    81 |   240 ||   370
       Spear             |    16 |       |       ||    16
Throw: Stone             |     8 |    21 |    25 ||    54
       Dart              |       |    10 |    24 ||    34
       Boomerang         |       |       |    29 ||    29
Evoke: Wand              |       |       |     9 ||     9
  Use: Scroll            |       |     3 |       ||     3
       Potion            |       |     2 |     8 ||    10
 Stab: Sleeping          |     2 |     1 |     2 ||     5
Armor: Skin              |     2 |       |    90 ||    92
       Robe              |     8 |    12 |    65 ||    85
Dodge: Dodged            |    31 |    32 |   149 ||   212

Table legend: (Time is in decaauts)
 A = Elapsed time spent in this place.
 B = Non-inter-level travel time spent in this place.
 C = Inter-level travel time spent in this place.
 D = Time resting spent in this place.
 E = Time spent auto-exploring this place.
 F = Levels seen in this place.
 G = Mean time per level.
                   A        B        C        D        E       F      G
               +--------+--------+--------+--------+--------+-----+--------+
         Total |   7829 |   7676 |    153 |   2785 |   3189 |   7 | 1118.4 |
       Dungeon |   7106 |   6953 |    153 |   2528 |   3060 |   6 | 1184.3 |
         Sewer |    722 |    722 |      0 |    257 |    129 |   1 |  722.0 |
               +--------+--------+--------+--------+--------+-----+--------+

Top non-repeatable levels by time:
     D:5: 1487 daAuts
     D:1: 1372 daAuts
     D:2: 1256 daAuts
     D:4: 1108 daAuts
     D:3: 966 daAuts
     D:6: 915 daAuts
   Sewer: 722 daAuts
